 Dungeon Crawl Stone Soup version 0.28-a0-71-g84acfa7270 (webtiles) character file.

Game seed: 15790233135973478584

100 siradein the Distorting Demonspawn (level 4, -2/35 HPs)
             Began as a Demonspawn Abyssal Knight on Aug 2, 2021.
             Was a Believer of Lugonu.
             Slain by a river rat (6 damage)
             ... in a sewer.
             The game lasted 00:05:51 (3651 turns).

siradein the Distorting Demonspawn (DsAK)           Turns: 3651, Time: 00:05:52

Health: -2/35      AC:  3    Str: 13    XL:     4   Next: 46%
Magic:  7/7        EV: 11    Int: 13    God:    Lugonu [**....]
Gold:   47         SH:  4    Dex: 13    Spells: 3/3 levels left

rFire   . . .      SeeInvis .     - Unarmed
rCold   . . .      Faith    .   (no shield)
rNeg    . . .      Spirit   .   b - +0 leather armour
rPois   .          Reflect  .   (no helmet)
rElec   .          Harm     .   (no cloak)
rCorr   .          Rampage  .   (no gloves)
Will    .....                   (no boots)
Stlth   +.........              (no amulet)
HPRegen 0.11/turn               (no ring)
MPRegen 0.10/turn               (no ring)

@: no status effects
A: claws 1, condensation shield
a: Renounce Religion, Depart the Abyss, Bend Space


You were in a sewer.
You worshipped Lugonu.
Lugonu was pleased with you.
You visited 1 branch of the dungeon, and saw 3 of its levels.
You visited the Abyss 1 time.
You also visited: Sewer.

You collected 47 gold pieces.

Inventory:

Armour
 b - a +0 leather armour (worn)
Scrolls
 c - a scroll of teleportation {unknown}
 d - 2 scrolls of identify {unknown}
 e - a scroll of fear {unknown}
 f - a scroll of brand weapon {unknown}
 i - a scroll of enchant weapon {unknown}
Potions
 a - a potion of flight {unknown}
 g - a potion of ambrosia {unknown}
 h - a potion of attraction {unknown}
 j - 2 potions of magic {unknown}


   Skills:
 - Level 3.0 Fighting
 - Level 2.2 Maces & Flails
 - Level 1.7 Armour
 - Level 0.8 Dodging
 * Level 2.5 Unarmed Combat
 + Level 4.2 Invocations


You had 3 spell levels left.
You didn't know any spells.
Your spell library contained the following spells:

 Spells                   Type           Power      Damage    Failure   Level
 Tukima's Dance           Hex            0%         N/A       75%         3
 Passage of Golubria      Tloc           N/A        N/A       98%         4
 Yara's Violent Unravell  Hex/Tmut       0%         3d3       100%        5


Dungeon Overview and Level Annotations

Branches:
Dungeon (3/15)              Sewer (1/1)

Altars:

Annotations:
D:3 Ijyb


Innate Abilities, Weirdness & Mutations

You have sharp fingernails.
A meltable shield of frost defends you. (SH +4)


Message History

You scratch the river rat.
The river rat is lightly wounded.
The river rat bites you.
You closely miss the river rat.
The river rat is lightly wounded.
The river rat bites you.
You scratch the river rat but do no damage.
The river rat is lightly wounded.
You block the river rat's attack.
You scratch the river rat.
The river rat is moderately wounded.
The river rat bites you!
You are too injured to fight recklessly!
You are too injured to fight recklessly!
You are too injured to fight recklessly!
You are too injured to fight recklessly!
You closely miss the river rat.
The river rat is lightly wounded.
The river rat barely misses you.
You scratch the river rat but do no damage.
The river rat is lightly wounded.
The river rat bites you but does no damage.
You scratch the river rat but do no damage.
The river rat is lightly wounded.
The river rat bites you!
* * * LOW HITPOINT WARNING * * *
You barely miss the river rat.
The river rat is lightly wounded.
The river rat bites you.
* * * LOW HITPOINT WARNING * * *
You barely miss the river rat.
The river rat is lightly wounded.
The river rat bites you but does no damage.
You closely miss the river rat.
The river rat is lightly wounded.
The river rat barely misses you.
You closely miss the river rat.
The river rat is lightly wounded.
The river rat bites you.
You die...

.? ## ≈# .# #. .#.## #...#
## ##.## #.##.#.##
#.#.###r# #.###@##
#.#.####
#############.############
≈≈≈≈≈≈≈.....≈.≈....≈≈#≈≈≈≈
≈≈≈≈≈≈.≈≈≈≈......≈.≈≈#≈≈≈≈
##########################


You could see a river rat.

Vanquished Creatures
  2 river rats
  2 adders
  2 dart slugs (D:1)
  2 ball pythons
  3 giant cockroaches
  9 goblins
  5 hobgoblins
  7 jackals
  5 kobolds
  2 quokkas
  6 bats
  4 frilled lizards
  5 rats
54 creatures vanquished.

Vanquished Creatures (others)
  2 plants (D:1)
2 creatures vanquished.

Grand Total: 56 creatures vanquished

Notes
Turn   | Place    | Note
-------+----------+-------------------------------------------
     0 | Abyss:1  | siradein the Demonspawn Abyssal Knight began the quest for
                  | the Orb.
     0 | Abyss:1  | Reached XP level 1. HP: 18/18 MP: 2/2
    14 | D:1      | Escaped the Abyss
   555 | D:1      | Reached skill level 3 in Invocations
   630 | D:1      | Gained mutation: You have sharp fingernails. [demonic
                  | ancestry]
   630 | D:1      | Reached XP level 2. HP: 21/24 MP: 4/4
   876 | D:1      | Found a faded altar of an unknown god.
   991 | D:1      | Reached skill level 1 in Unarmed Combat
  1293 | D:1      | Reached XP level 3. HP: 4/29 MP: 5/5
  2252 | D:2      | Reached ** piety under Lugonu
  3041 | D:2      | Gained mutation: A meltable shield of frost defends you.
                  | (SH +4) [demonic ancestry]
  3041 | D:2      | Reached XP level 4. HP: 32/35 MP: 6/6
  3228 | D:3      | Found a glowing drain.
  3228 | D:3      | Noticed Ijyb
  3255 | D:3      | Reached skill level 4 in Invocations
  3303 | Sewer    | Entered a sewer
  3651 | Sewer    | Slain by a river rat

Illustrated notes

Levels and vault maps discovered:
D:1:      dpeg_arrival_morbid_curiosity, layout_rooms,
          hellmonk_ecumenical_altar_inner_sanctum, serial_bayou_lake_a
D:2:      layout_loops_corners, solitary_fountain
D:3:      layout_basic, nicolae_overflow_crystal_walls, portal_sewer_entry_a,
          minmay_misc_feat_rugged, moated_statue,
          hangedman_abyss_or_decor_stabs, hangedman_decor_push,
          minmay_misc_feat_ornament, supply_closet_lemuel, uniq_ijyb,
          uniq_crazy_yiuf_cottage
Sewer:    sewer_co_cracked_pipes

Skill      XL: |  1  2  3  4 |
---------------+-------------+-----
Maces & Flails | 2 |  2.2
Invocations    | 3 4 |  4.2
Unarmed Combat | 1 2 |  2.5
Fighting       | |  3.0
Armour         | |  1.7
Dodging        | |  0.8

Action                   |  1- 3 |  4- 6 || total
-------------------------+-------+-------++-------
Melee: Mace              |    35 |       ||    35
       Unarmed           |   206 |    59 ||   265
       Punch             |     2 |       ||     2
 Stab: Sleeping          |       |     1 ||     1
Armor: Leather armour    |    85 |     7 ||    92
Dodge: Dodged            |   152 |    32 ||   184
Block: Other             |       |    10 ||    10

Table legend: (Time is in decaauts)
 A = Elapsed time spent in this place.
 B = Non-inter-level travel time spent in this place.
 C = Inter-level travel time spent in this place.
 D = Time resting spent in this place.
 E = Time spent auto-exploring this place.
 F = Levels seen in this place.
 G = Mean time per level.
                   A        B        C        D        E       F      G
               +--------+--------+--------+--------+--------+-----+--------+
         Total |   3703 |   3617 |     86 |    750 |   2317 |   5 |  740.6 |
       Dungeon |   3336 |   3250 |     86 |    496 |   2263 |   3 | 1112.0 |
         Abyss |     14 |     14 |      0 |      0 |      5 |   1 |   14.0 |
         Sewer |    353 |    353 |      0 |    254 |     49 |   1 |  353.0 |
               +--------+--------+--------+--------+--------+-----+--------+

Top non-repeatable levels by time:
     D:1: 2104 daAuts
     D:2: 1162 daAuts
   Sewer: 353 daAuts
     D:3: 68 daAuts
 Abyss:1: 14 daAuts
